 Dungeon Crawl Stone Soup version 0.18.1-50-g88ac8fd (webtiles) character file.

43 Khalor the Chiller (level 3, -3/21 HPs)
             Began as an Octopode Ice Elementalist on Jan 4, 2017.
             Slain by a gnoll
             ... wielding a +0 spear
              (8 damage)
             ... on level 3 of the Dungeon on Jan 5, 2017.
             The game lasted 00:17:38 (2319 turns).

Khalor the Chiller (Octopode Ice Elementalist)      Turns: 2319, Time: 00:17:39

Health: -3/21      AC:  1    Str:  7    XL:     3   Next: 58%
Magic:  0/6        EV: 12    Int: 18    God:
Gold:   68         SH:  0    Dex: 12    Spells: 3 memorised, 0 levels left

rFire  + . .     SeeInvis .     o - +0 short sword
rCold  . . .     Gourm    .     (no shield)
rNeg   . . .     Faith    .     (helmet restricted)
rPois  .         Spirit   .     (no amulet)
rElec  .         Dismiss  .     k - ring of protection from fire
rCorr  .         Reflect  .     (no ring)
SustAt .         Harm     .     (no ring)
MR     .....                    (no ring)
Stlth  +++.......               (no ring)
                                (no ring)
                                (no ring)
                                (no ring)

@: not resistant to hostile enchantments, fairly stealthy
A: almost no armour, amphibious, 8 rings, constrict 8, camouflage 1, gelatinous
body 1
a: no special abilities


You were on level 3 of the Dungeon.
You were not hungry.

You visited 1 branch of the dungeon, and saw 3 of its levels.

You collected 68 gold pieces.

Inventory:

Hand Weapons
 h - a +0 club
 l - a +0 dagger
 o - a +0 short sword (weapon)
Armour
 d - a +0 robe
 m - a +0 robe
 p - a +0 cloak
Jewellery
 k - a ring of protection from fire (left tentacle)
Scrolls
 c - a scroll of remove curse {unknown}
 f - a scroll of noise {unknown}
 j - a scroll of magic mapping {unknown}
 q - a scroll of enchant armour {unknown}
Potions
 e - a potion of curing {unknown}
 n - a potion of lignification {unknown}
Books
 a - a book of Frost

   Spells                             Type                      Level
   a - Freeze                         Ice                          1
   b - Throw Frost                    Conjuration/Ice              2
   c - Ozocubu's Armour               Charms/Ice                   3
   d - Throw Icicle                   Conjuration/Ice              4
   e - Summon Ice Beast               Ice/Summoning                4
Comestibles
 b - 8 fruits
 g - 2 meat rations
 i - a chunk of flesh
 r - a bread ration


   Skills:
 + Level 2.1 Dodging
 + Level 3.1 Stealth
 + Level 2.4 Spellcasting
 + Level 1.1 Conjurations
 + Level 3.8 Ice Magic


You couldn't memorise any spells.
You knew the following spells:

 Your Spells              Type           Power        Failure   Level  Hunger
a - Freeze                Ice            ###.         4%          1    #......
b - Throw Frost           Conj/Ice       ##....       12%         2    ##.....
c - Ozocubu's Armour      Chrm/Ice       #.......     24%         3    ###....


Dungeon Overview and Level Annotations

Branches:
Dungeon (2/15)

Altars:
Makhleb


Innate Abilities, Weirdness & Mutations

You cannot wear most types of armour.
You are amphibious.
You can wear up to eight rings at the same time.
You can use your tentacles to constrict eight enemies at once.
Your skin changes colour to match your surroundings (Stealth).
Your rubbery body absorbs attacks (AC +1).


Message History

Aiming: Throw Frost
Press: ? - help, Shift-Dir - straight line, f/p - gnoll
Aim: a gnoll, wielding a spear (heavily wounded)
The puff of frost hits the gnoll.
The gnoll is almost dead.
The gnoll hits you but does no damage.
The gnoll hits you from afar with a spear!
The gnoll hits you from afar with a spear!
* * * LOW HITPOINT WARNING * * *
Casting: Throw Frost
Confirm with . or Enter, or press ? or * to list all spells.
Aiming: Throw Frost
Press: ? - help, Shift-Dir - straight line, f/p - gnoll
Aim: a gnoll, wielding a spear (almost dead)
The puff of frost misses the gnoll.
The gnoll hits you but does no damage.
You hit the gnoll. You grab the gnoll.
The gnoll is almost dead.
You constrict the gnoll, but do no damage.
The gnoll hits you with a spear!
You die...

..g..gg#.####.#####
######............#
###.####.###.#
#..g...###.####
#######g......#
#.##.##.# #g##.##.#
#.##.##.# #......
#.#@.##.# #.)....
#gg.....#
#.......##.......#
##
#.......####.#####
.. #....... #.#
##.##...... #.# ..
...#.#.#####.# #.
#..###......#
#.###.#.#.#######


You could see 2 gnolls.

Vanquished Creatures
  An adder (D:3)
  2 dart slugs (D:1)
  A giant gecko (D:1)
  7 bats
  A giant cockroach (D:1)
  4 goblins (D:1)
  3 hobgoblins (D:1)
  2 giant newts (D:1)
  4 kobolds
  5 rats
30 creatures vanquished.

Notes
Turn   | Place    | Note
--------------------------------------------------------------
     0 | D:1      | Khalor the Octopode Ice Elementalist began the quest for the Orb.
     0 | D:1      | Reached XP level 1. HP: 11/11 MP: 3/3
   227 | D:1      | Reached XP level 2. HP: 17/17 MP: 1/5
  1049 | D:1      | Learned a level 2 spell: Throw Frost
  1364 | D:1      | Reached XP level 3. HP: 21/21 MP: 0/6
  1579 | D:1      | Learned a level 3 spell: Ozocubu's Armour
  1794 | D:2      | Found a burning altar of Makhleb.
  1926 | D:2      | You fall through a shaft!
  2319 | D:3      | Slain by a gnoll

Skill      XL: |  1  2  3 |
---------------+----------+-----
Stealth        | 3 |  3.1
Dodging        | |  2.1
Spellcasting   | |  2.4
Conjurations   | |  1.1
Ice Magic      | |  3.8

Action                   || total
-------------------------++-------
Melee: Unarmed           ||     5
       Constrict         ||     4
       Tentacles         ||     2
       Short sword       ||     5
       Club              ||     1
 Cast: Freeze            ||    23
       Throw Frost       ||    17
       Ozocubu's Armour  ||     1
  Eat: Bread ration      ||     1
       Chunk             ||     1
Armor: Skin              ||     3
Dodge: Dodged            ||    18
